 Dungeon Crawl Stone Soup version 0.31-a0-626-g8143ab4f1d (webtiles) character file.

Game seed: 16013514352523464610

107 subawu the Magician (level 4, -2/30 HPs)
             Began as a Demonspawn Hedge Wizard on Aug 22, 2023.
             Slain by a gnoll
             ... wielding a +0 club
              (5 damage)
             ... on level 3 of the Dungeon on Aug 24, 2023.
             The game lasted 00:18:51 (3079 turns).

subawu the Magician (Demonspawn Hedge Wizard)       Turns: 3079, Time: 00:18:51

Health: -2/30      AC: 13    Str: 12      XL:     4   Next: 56%
Magic:  9/9        EV:  9    Int: 14 (16) God:
Gold:   113        SH:  0    Dex: 12      Spells: 6/9 levels left

rFire   + . .        a - +0 dagger
rCold   + . .        (no shield)
rNeg    . . .        w - +0 scale mail
rPois   .            c - +0 hat
rElec   .            u - scarf {rC+ rF+}
rCorr   .            (no gloves)
SInv    .            (no boots)
Will    .....        (no amulet)
Stlth   +            h - +4 ring of protection
HPRegen 0.25/turn    (no ring)
MPRegen 0.11/turn

%: no passive effects
@: no status effects
A: slimy green scales 2, foul stench 1
a: no special abilities


You were on level 3 of the Dungeon.
You visited 1 branch of the dungeon, and saw 3 of its levels.

You collected 113 gold pieces.

Inventory:

Hand Weapons
 a - a +0 dagger (weapon)
 i - a +0 club
 m - a +0 club
 r - a +0 spear
 x - a +0 whip
Missiles
 f - 21 stones
 t - 4 poisoned darts
Armour
 b - a +0 robe
 c - a +0 hat (worn)
 e - a +0 robe
 n - a +0 leather armour
 s - a +0 ring mail
 u - a scarf of resistance (worn)
 w - a +0 scale mail (worn)
Jewellery
 h - a +4 ring of protection (left hand)
 l - a ring of poison resistance
Wands
 v - a wand of flame (7)
Scrolls
 g - a scroll of torment {unknown}
 k - a scroll of blinking {unknown}
 o - a scroll of amnesia {unknown}
 p - 2 scrolls of identify {unknown}
 q - 2 scrolls of teleportation {unknown}
Potions
 d - a potion of magic
 j - 3 potions of curing


   Skills:
 + Level 2.3 Dodging
 + Level 2.5 Stealth
 + Level 3.3 Spellcasting
 + Level 2.0 Conjurations
 + Level 1.9 Summonings
 + Level 1.7 Translocations


You had 6 spell levels left.
You knew the following spells:

 Your Spells              Type           Power      Damage    Failure   Level
a - Magic Dart            Conj           28%        1d4       45%         1
b - Blink                 Tloc           14%        N/A       65%         2

Your spell library contained the following spells:

 Spells                   Type           Power      Damage    Failure   Level
 Call Imp                 Summ           14%        N/A       61%         2
 Slow                     Hex            8%         N/A       75%         1
 Cigotuvi's Dreadful Rot  Necr/Pois/Air  4%         N/A       86%         2
 Mephitic Cloud           Conj/Pois/Air  4%         N/A       95%         3


Dungeon Overview and Level Annotations

Branches:
Dungeon (3/15)

Altars:
Hepliaklqana

Annotations:
D:3 Pargi


Innate Abilities, Weirdness & Mutations

You are mostly covered in slimy green scales. (AC +3)
You may rarely emit foul miasma when damaged in melee.


Message History

The gnoll closely misses you.
You hit the gnoll.
The gnoll is moderately wounded.
The gnoll hits you but does no damage.
You hit the gnoll.
The gnoll is heavily wounded.
The gnoll hits you but does no damage.
You hit the gnoll.
The gnoll is heavily wounded.
The gnoll completely misses you.
You barely miss the gnoll.
The gnoll is heavily wounded.
The gnoll hits you but does no damage.
You closely miss the gnoll.
The gnoll is heavily wounded.
The gnoll closely misses you.
You barely miss the gnoll.
The gnoll is heavily wounded.
The gnoll hits you with a +0 club.
You barely miss the gnoll.
The gnoll is heavily wounded.
The gnoll hits you with a +0 club.
You closely miss the gnoll.
The gnoll is heavily wounded.
The gnoll hits you with a +0 club.
You barely miss the gnoll.
The gnoll is heavily wounded.
The gnoll hits you with a +0 club.
* * * LOW HITPOINT WARNING * * *
You hit the gnoll but do no damage.
The gnoll is heavily wounded.
The gnoll closely misses you.
You hit the gnoll but do no damage.
The gnoll is heavily wounded.
The gnoll hits you with a +0 club.
* * * LOW HITPOINT WARNING * * *
You hit the gnoll.
The gnoll is severely wounded.
The gnoll hits you with a +0 club.
You die...

+......###......
####..## #.####
##.## #.# #..#
.# #..# # #.#.#
#.##.# #g# #..
#@# ### #.# #.#
#.# #.# ..# ###


You could see a gnoll.

Vanquished Creatures
  2 gnolls (D:3)
  An adder (D:3)
  A worm (D:2)
  4 dart slugs (D:2)
  3 orcs (D:2)
  6 ball pythons
  A bat zombie (D:2)
  8 endoplasms
  4 giant cockroaches
  7 goblins
  4 hobgoblins
  2 jackals (D:2)
  3 quokkas
  2 ball python zombies (D:2)
  A bat (D:1)
  3 kobolds
  A quokka zombie (D:2)
  3 rats
56 creatures vanquished.

Notes
Turn   | Place    | Note
-------+----------+-------------------------------------------
     0 | D:1      | subawu the Demonspawn Hedge Wizard began the quest for the
                  | Orb.
     0 | D:1      | Reached XP level 1. HP: 13/13 MP: 4/4
     2 | D:1      | Noticed a felid
     2 | D:1      | Noticed a formicid
     4 | D:1      | Noticed a vampire
     4 | D:1      | Noticed a human
     6 | D:1      | Noticed an octopode
     6 | D:1      | Noticed a gargoyle
     8 | D:1      | Noticed a demigod
     8 | D:1      | Noticed a draconian
    11 | D:1      | Noticed a minotaur
    11 | D:1      | Noticed a naga
    13 | D:1      | Noticed an armataur
    15 | D:1      | Noticed a meteoran
    17 | D:1      | Noticed a troll
    17 | D:1      | Noticed a spriggan
    19 | D:1      | Noticed an elf
    19 | D:1      | Noticed a merfolk
    21 | D:1      | Noticed a tengu
    21 | D:1      | Noticed an ogre
    27 | D:1      | Noticed a vine stalker
    29 | D:1      | Noticed a ghoul
    31 | D:1      | Noticed a gargoyle
    31 | D:1      | Noticed a felid
   230 | D:1      | Reached skill level 1 in Translocations
   323 | D:1      | Gained mutation: You may rarely emit foul miasma when
                  | damaged in melee. [demonic ancestry]
   323 | D:1      | Reached XP level 2. HP: 19/19 MP: 6/6
   356 | D:1      | Learned a level 2 spell: Blink
  1678 | D:2      | Gained mutation: You are partially covered in slimy green
                  | scales. (AC +2) [demonic ancestry]
  1678 | D:2      | Reached XP level 3. HP: 17/24 MP: 5/7
  1729 | D:2      | Upgraded the game from 0.31-a0-618-g7ca08c1ff9 to
                  | 0.31-a0-626-g8143ab4f1d
  2269 | D:2      | Gained mutation: You are mostly covered in slimy green
                  | scales. (AC +3) [demonic ancestry]
  2269 | D:2      | Reached XP level 4. HP: 30/30 MP: 0/8
  2390 | D:2      | Found a hazy altar of Hepliaklqana.
  2735 | D:3      | Noticed Pargi
  3079 | D:3      | Slain by a gnoll

Illustrated notes

Levels and vault maps discovered:
D:1:      kb_arrival_jail, layout_loops_corners, minivault_23,
          minmay_worlds_worst_comb
D:2:      layout_loops_ring, serial_undead, serial_undead_d, serial_undead_b,
          serial_undead_b, serial_undead_e, basic_altar
D:3:      layout_loops_corners, nicolae_hepliaklqana_hazy_memory, serial_shops,
          shop, minmay_tree_intersection, uniq_sigmund, uniq_pargi

Skill      XL: |  1  2  3  4 |
---------------+-------------+-----
Translocations | 1 |  1.7
Dodging        | 2 |  2.3
Stealth        | 2 |  2.5
Conjurations   | 2 |  2.0
Spellcasting   | |  3.3
Summonings     | |  1.9

Action                     |  1- 3 |  4- 6 || total
---------------------------+-------+-------++-------
  Melee: Dagger            |   206 |    89 ||   295
         Punch             |     2 |     1 ||     3
   Cast: Magic Dart        |    46 |     6 ||    52
         Blink             |     3 |     1 ||     4
    Use: Potion            |     3 |       ||     3
 Armour: Robe              |    27 |       ||    27
         Leather armour    |    41 |       ||    41
         Ring mail         |    56 |    19 ||    75
         Scale mail        |       |    35 ||    35
  Dodge: Dodged            |   163 |    37 ||   200

Table legend: (Time is in decaauts)
 A = Elapsed time spent in this place.
 B = Non-inter-level travel time spent in this place.
 C = Inter-level travel time spent in this place.
 D = Time resting spent in this place.
 E = Time spent auto-exploring this place.
 F = Levels seen in this place.
 G = Mean time per level.
                   A        B        C        D        E       F      G
               +--------+--------+--------+--------+--------+-----+--------+
         Total |   3078 |   2625 |    453 |    467 |      0 |   3 | 1026.0 |
       Dungeon |   3078 |   2625 |    453 |    467 |      0 |   3 | 1026.0 |
               +--------+--------+--------+--------+--------+-----+--------+

Top non-repeatable levels by time:
     D:1: 1613 daAuts
     D:2: 1161 daAuts
     D:3: 303 daAuts
